 Dungeon Crawl Stone Soup version 0.26-a0-1184-g95e395e029 (webtiles) character file.

Game seed: 16425774722296733178

77 tatocazan the Skirmisher (level 4, -1/35 HPs)
             Began as a Demonspawn Fighter on Dec 27, 2020.
             Killed from afar by an orc wizard (3 damage)
             ... with a puff of flame
             ... on level 3 of the Dungeon.
             The game lasted 00:02:49 (1790 turns).

tatocazan the Skirmisher (Demonspawn Fighter)       Turns: 1790, Time: 00:02:50

Health: -1/35      AC:  8    Str: 17    XL:     4   Next: 14%
Magic:  4/4        EV:  7    Int: 10    God:
Gold:   146        SH:  9    Dex: 18    Spells: 3/3 levels left

rFire    . . .     SeeInvis .   m - +2 whip (vamp)
rCold    . . .     Faith    .   c - +0 kite shield
rNeg     . . .     Spirit   .   b - +0 scale mail
rPois    .         Reflect  .   (no helmet)
rElec    .         Harm     .   (no cloak)
rCorr    .         Rampage  .   n - +0 pair of gloves
Will     .....                  (no boots)
Stlth    ..........             (no amulet)
HPRegen  0.11/turn              e - ring of wizardry
MPRegen  0.09/turn              t - +6 ring of dexterity

@: no status effects
A: talons 1, powered by pain 1, miasma immunity
a: no special abilities


You were on level 3 of the Dungeon.
You visited 1 branch of the dungeon, and saw 3 of its levels.

You collected 146 gold pieces.

Inventory:

Hand Weapons
 a - a +0 war axe
 m - a +2 vampiric whip (weapon)
Missiles
 r - 11 boomerangs (quivered)
Armour
 b - a +0 scale mail (worn)
 c - a +0 kite shield (worn)
 n - a +0 pair of gloves (worn)
Jewellery
 e - a ring of wizardry (left hand)
 t - a +6 ring of dexterity (right hand)
Scrolls
 f - 2 scrolls of magic mapping {unknown}
 g - a scroll of amnesia {unknown}
 h - 2 scrolls of remove curse {unknown}
 i - 3 scrolls of identify {unknown}
 j - 3 scrolls of noise {unknown}
 k - 2 scrolls of fear {unknown}
 q - a scroll of random uselessness {unknown}
 u - a scroll of fog {unknown}
 v - a scroll of blinking {unknown}
 w - a scroll of teleportation {unknown}
Potions
 d - 3 potions of might
 l - 3 potions of attraction {unknown}
 o - 2 potions of lignification {unknown}
 p - 2 potions of curing {unknown}
 s - a potion of heal wounds {unknown}


   Skills:
 + Level 3.5 Fighting
 + Level 2.4 Axes
 + Level 3.2 Armour
 + Level 1.0 Dodging
 + Level 3.1 Shields


You had 3 spell levels left.
You didn't know any spells.
Your spell library was empty.

Dungeon Overview and Level Annotations

Branches:
Dungeon (3/15)

Altars:


Innate Abilities, Weirdness & Mutations

You have sharp toenails.
You sometimes gain a little power by taking damage.
You are immune to miasma.


Message History

You are too injured to fight recklessly!
You are too injured to fight recklessly!
You are too injured to fight recklessly!
You are too injured to fight recklessly!
You are too injured to fight recklessly!
You are too injured to fight recklessly!
You are too injured to fight recklessly!
You block the orc's attack.
The hobgoblin hits you but does no damage.
The orc priest calls down the wrath of Beogh upon you.
Beogh smites you!
* * * LOW HITPOINT WARNING * * *
You take 15 damage, and have 1/35 hp.
MASSIVE DAMAGE!!
Really walk into that dispersal trap?
You enter a dispersal trap!
The hobgoblin blinks!
The orc blinks!
The hobgoblin blinks!
The orc blinks!
You blink.
Found a dagger.
Found an escape hatch in the ceiling.
The orc wizard casts a spell at you. The puff of flame hits you.
You die...

#...#.#....§§....##.#.o..#
....#.#....o.....##...>...
#.....#..................#
#..#.....................#
## #.##.^.................
.. #.................
##....#...........
####.g..........#
###.g.@......#
##........#♣ #........<.P
#........... #........).#
#..........# #..........#
##........##


You could see an orc wizard and 2 hobgoblins.

Vanquished Creatures
  2 adders
  An ooze (D:1)
  A dart slug (D:1)
  2 worms (D:2)
  3 leopard geckos
  An orc (D:3)
  A bat (D:2)
  A giant cockroach (D:1)
  5 goblins
  5 hobgoblins
  4 jackals (D:3)
  4 kobolds
  2 quokkas (D:2)
  A frilled lizard (D:2)
  A quokka zombie (D:3)
  10 rats
44 creatures vanquished.

Vanquished Creatures (others)
  A plant (D:3)
1 creature vanquished.

Grand Total: 45 creatures vanquished

Notes
Turn   | Place    | Note
-------+----------+-------------------------------------------
     0 | D:1      | tatocazan the Demonspawn Fighter began the quest for the
                  | Orb.
     0 | D:1      | Reached XP level 1. HP: 18/18 MP: 1/1
   661 | D:1      | Gained mutation: You sometimes gain a little power by
                  | taking damage. [demonic ancestry]
   661 | D:1      | Reached XP level 2. HP: 24/24 MP: 2/2
  1261 | D:2      | Gained mutation: You are immune to miasma. [demonic
                  | ancestry]
  1261 | D:2      | Reached XP level 3. HP: 29/29 MP: 3/3
  1713 | D:3      | Gained mutation: You have sharp toenails. [demonic
                  | ancestry]
  1713 | D:3      | Reached XP level 4. HP: 34/35 MP: 4/4
  1715 | D:3      | Reached skill level 1 in Dodging
  1779 | D:3      | HP: 1/35 [orc priest/divine providence (15)]
  1790 | D:3      | Killed from afar by an orc wizard

Illustrated notes

Levels and vault maps discovered:
D:1:      dpeg_arrival_boxorama, layout_basic
D:2:      layout_basic
D:3:      layout_rooms, serial_bayou_pond_a, dk_yredelemnul_ordeal

Skill      XL: |  1  2  3  4 |
---------------+-------------+-----
Axes           | 2 |  2.4
Armour         | 3 |  3.2
Shields        | 3 |  3.1
Dodging        | 1 |  1.0
Fighting       | |  3.5

Action                   |  1- 3 |  4- 6 || total
-------------------------+-------+-------++-------
Melee: War axe           |    38 |       ||    38
       Whip              |    95 |    13 ||   108
       Kick              |       |     3 ||     3
Armor: Scale mail        |    69 |     8 ||    77
Dodge: Dodged            |    47 |     7 ||    54
Block: Kite shield       |    74 |     5 ||    79

Table legend: (Time is in decaauts)
 A = Elapsed time spent in this place.
 B = Non-inter-level travel time spent in this place.
 C = Inter-level travel time spent in this place.
 D = Time resting spent in this place.
 E = Time spent auto-exploring this place.
 F = Levels seen in this place.
 G = Mean time per level.
                   A        B        C        D        E       F      G
               +--------+--------+--------+--------+--------+-----+--------+
         Total |   1820 |   1810 |     10 |    167 |   1327 |   3 |  606.7 |
       Dungeon |   1820 |   1810 |     10 |    167 |   1327 |   3 |  606.7 |
               +--------+--------+--------+--------+--------+-----+--------+

Top non-repeatable levels by time:
     D:1: 1118 daAuts
     D:2: 583 daAuts
     D:3: 118 daAuts
